 Dungeon Crawl Stone Soup version 0.16.2-12-gd0ad4c3 (webtiles) character file.

17871 faibistes the Thaumaturge (level 12, -2/67 HPs)
             Began as a Deep Elf Wizard on Apr 9, 2018.
             Was the Champion of Sif Muna.
             Slain by a spiny frog (16 damage)
             ... on level 4 of the Lair of Beasts.
             The game lasted 01:10:42 (19849 turns).

faibistes the Thaumaturge (Deep Elf Wizard)        Turns: 19849, Time: 01:10:42

Health: -2/67      AC: 12    Str:  4    XL:     12   Next: 22%
Magic:  13/35      EV: 18    Int: 29    God:    Sif Muna [******]
Gold:   541        SH:  0    Dex: 13    Spells: 9 memorised, 11 levels left

rFire  . . .     SeeInvis .     O - +1 short sword (elec)
rCold  . . .     Clarity  .     Q - +2 robe {MR+}
rNeg   . . .     SustAb   .     (no shield)
rPois  +         Gourm    .     C - +2 hat
rElec  .         Spirit   .     v - +1 cloak
rCorr  .         Warding  .     o - +1 pair of gloves
rMut   .         Stasis   .     G - +1 pair of boots
MR     ++...                    (no amulet)
Stlth  ++........               F - +2 ring of evasion
                                r - ring of poison resistance

@: slowed, repel missiles, very slow, very resistant to hostile enchantments,
unstealthy
A: no striking features
a: Channel Energy, Forget Spell, Renounce Religion


You were on level 4 of the Lair of Beasts.
You worshipped Sif Muna.
Sif Muna was exalted by your worship.
You were hungry.

You visited 3 branches of the dungeon, and saw 16 of its levels.
You also visited: Ossuary.

You collected 541 gold pieces.

Inventory:

Hand weapons
 g - a +1 dagger of flaming
 O - a +1 short sword of electrocution (weapon)
Armour
 o - a +1 pair of gloves (worn)
 v - a +1 cloak (worn)
 C - a +2 hat (worn)
 G - a +1 pair of boots (worn)
 Q - a +2 robe of magic resistance (worn)
Magical staves
 t - an uncursed staff of wizardry
Jewellery
 r - a ring of poison resistance (left hand)
 x - a cursed ring of sustain abilities
 F - a +2 ring of evasion (right hand)
 J - an uncursed ring of fire
 N - an uncursed ring of protection from cold
 T - an uncursed ring of teleport control
Magical devices
 a - a wand of digging (3)
 b - a wand of polymorph (8)
 B - a wand of invisibility (4)
 I - a wand of disintegration (11)
 P - a wand of draining (0)
Scrolls
 e - 9 scrolls of identify
 j - 5 scrolls of remove curse
 k - a scroll of enchant armour
 m - 6 scrolls of teleportation
 u - a scroll of magic mapping
 y - a scroll of fear
 K - a scroll of blinking
 U - a scroll of immolation
Potions
 h - 2 potions of haste
 i - 2 potions of heal wounds
 n - a potion of cure mutation
 p - 5 potions of curing
 s - a potion of invisibility
 w - 5 potions of might
 A - a potion of cancellation
 H - a potion of restore abilities
 L - 3 potions of brilliance
 M - a potion of flight
 W - a potion of agility
Books
 c - Sif Muna's Reference Book on Displacement
   (Sif Muna gifted it to you on level 3 of the Lair of Beasts)

   Spells                             Type                      Level
   a - Apportation                    Translocation                1
   b - Teleport Other                 Translocation                3
   c - Phase Shift                    Translocation                5
Comestibles
 d - 13 bread rations
 f - 3 slices of pizza
 l - 5 meat rations
 q - 6 beef jerkies
 z - 4 chunks of flesh
 S - 15 royal jellies


   Skills:
 + Level 4.4 Fighting
 + Level 8.1 Dodging
 - Level 2.4 Stealth
 * Level 12.3 Spellcasting
 + Level 6.8 Conjurations
 + Level 4.3 Charms
 - Level 4.0 Summonings
 - Level 3.1 Necromancy
 + Level 5.0 Translocations
 * Level 5.6 Transmutations
 * Level 6.4 Fire Magic
 - Level 3.5 Air Magic
 * Level 6.1 Earth Magic
 - Level 2.8 Poison Magic
 * Level 5.1 Invocations
 + Level 5.4 Evocations


You had 11 spell levels left.
You knew the following spells:

 Your Spells              Type           Power        Failure   Level  Hunger
a - Magic Dart            Conj           ####         1%          1    None
b - Conjure Flame         Conj/Fire      ######..     1%          3    None
c - Call Imp              Summ           #####...     1%          2    None
d - Blink                 Tloc           N/A          1%          2    None
e - Mephitic Cloud        Conj/Pois/Air  #####...     1%          3    None
f - Repel Missiles        Chrm/Air       #####.       1%          2    None
g - Petrify               Trmt/Erth      ######..     2%          4    None
h - Animate Dead          Necr           N/A          10%         4    None
i - Confuse               Hex            ###.....     10%         3    None


Dungeon Overview and Level Annotations

Branches:
Dungeon (10/15)            Temple (1/1) D:6            Lair (5/8) D:8
  Swamp (0/5) Lair:3        Snake (0/5) Lair:3          Orc (0/4) D:9

Altars:
Ashenzari
Cheibriados
Dithmenos
Elyvilon
Fedhas
Gozag
Kikubaaqudgha
Makhleb
Nemelex Xobeh
Okawaru
Qazlal
Ru
Sif Muna
Trog
Vehumet
Xom
Yredelemnul
Zin
The Shining One

Shops:
D:8 %

Annotations:
D:10 Joseph


Message History

The yak gores you.
* * * LOW HITPOINT WARNING * * *
Casting: Magic Dart
Confirm with . or Enter, or press ? or * to list all spells.
Aiming: Mephitic Cloud
Press: ? - help, Shift-Dir - straight line, f - yak, p - spiny frog
Aim: a yak (moderately wounded)
The ball explodes into a vile cloud!
The stinking cloud engulfs the yak.
The yak is moderately wounded.
The stinking cloud engulfs the spiny frog.
The spiny frog is almost dead.
The stinking cloud engulfs the hound.
The hound is severely wounded.
The stinking cloud engulfs you!
The hound is engulfed in noxious fumes.
The hound appears confused.
The yak is engulfed in noxious fumes.
The yak appears confused.
You hit the spiny frog.
The spiny frog is almost dead.
The spiny frog is no longer petrified.
The spiny frog stings you!
You die...

###...†..##♣....♣##.....
#.w.......#♣♣♣♣♣♣ ♣♣♣♣♣.
###........P♣ ♣♣
#.....$....♣♣♣♣♣♣ ♣♣♣♣♣♣
##.Y.......♣ ♣... ....♣
#..........♣ ♣... ....♣
#......†..h.♣
♣..######..♣♣
##.....w§§F.♣
♣..#⌠...#..♣♣
#......Y§@.♣
♣..'....#....
#.........##
♣..'..<.#....
..........#
♣..'....#....
..........♣
♣..#⌠...#..♣♣ ........♣♣
♣..######..♣ ........#
♣..........♣ ........#
♣..........♣ ..#...##
♣♣♣♣♣♣♣♣♣♣♣♣♣ #.... ♣♣


You could see a torpor snail, 2 yaks, a spiny frog and a hound (confused).

Vanquished Creatures
  The ghost of faibistes the Thaumaturge, an experienced DEWz of Sif Muna (D:7)
  A cyclops (D:9)
  3 black mambas
  Psyche (D:8)
  A spiny frog (Lair:4)
  2 fire drakes
  3 komodo dragons
  A troll (D:8)
  2 polar bears (Lair:2)
  Prince Ribbit (D:4)
  7 blink frogs
  3 nagas (Lair:3)
  3 hungry ghosts
  18 yaks
  4 hippogriffs
  A hill giant zombie (D:9)
  5 swamp worms (Lair:3)
  A wolf (Lair:1)
  A deep elf fighter (D:8)
  The ghost of faibistes the Magician, an average DEWz (D:4)
  3 porcupines
  3 water moccasins
  3 orc warriors
  3 ice beasts
  A black bear (D:9)
  3 phantoms
  A necrophage (D:8)
  2 ogres
  An eye of draining (D:8)
  3 centaurs
  5 crocodiles
  7 giant frogs
  2 big kobolds
  2 scorpions
  A water moccasin skeleton (D:8)
  A troll zombie (D:9)
  19 killer bees
  5 wights (D:8)
  2 electric eels
  3 goliath beetles
  3 crimson imps
  A centaur zombie (D:9)
  2 quasits (D:8)
  2 orc priests
  A giant frog skeleton (D:5)
  9 jellies
  6 hounds
  7 orc wizards
  Crazy Yiuf (D:2)
  4 iguanas
  A naga zombie (Lair:3)
  6 worker ants
  A centaur skeleton (D:8)
  Natasha (thrice) (D:5)
  A big kobold zombie (Ossuary)
  6 killer bee zombies
  A crocodile zombie (Lair:4)
  6 ogre zombies (D:9)
  A hound skeleton (D:9)
  4 mummies
  A worker ant zombie (D:6)
  14 adders
  12 river rats
  A white imp (Ossuary)
  A giant mite (D:6)
  A shadow imp (D:8)
  A worm (D:2)
  An adder skeleton (D:7)
  An adder zombie (Ossuary)
  3 giant geckos
  An ooze (D:1)
  37 orcs
  23 bats
  5 giant cockroaches
  17 goblins
  21 hobgoblins
  10 jackals
  5 quokkas
  A ball python (D:1)
  A giant gecko zombie (D:8)
  8 giant newts
  A gnoll zombie (Ossuary)
  7 goblin zombies
  2 hobgoblin skeletons (D:9)
  6 hobgoblin zombies
  23 kobolds
  2 kobold zombies (Ossuary)
  7 orc skeletons (D:9)
  11 orc zombies
  3 quokka zombies (Ossuary)
  24 rats
  3 rat zombies (Ossuary)
  A river rat skeleton (Lair:2)
451 creatures vanquished.

Vanquished Creatures (collateral kills)
  A fire drake (Lair:3)
  A queen bee (Lair:3)
  3 blink frogs
  2 yaks (Lair:4)
  2 wolves (Lair:1)
  A swamp worm (Lair:3)
  2 nagas (Lair:3)
  2 water moccasins
  A crocodile (Lair:3)
  2 giant frogs
  An electric eel (Lair:2)
  12 killer bees (Lair:3)
  A hound (Lair:1)
  An adder (Lair:3)
  2 river rats (Lair:2)
  2 fungi (Lair:3)
  A plant (Lair:3)
37 creatures vanquished.

Vanquished Creatures (others)
  2 blink frog zombies (Lair:3)
  An ogre (D:7)
  A fire drake zombie (Lair:3)
  A komodo dragon zombie (Lair:3)
  2 yak zombies (Lair:1)
  A queen bee zombie (Lair:3)
  A killer bee (Lair:3)
  A crimson imp (D:9)
  5 killer bee zombies (Lair:3)
  A shadow imp (D:9)
  2 river rat zombies (Lair:2)
  8 fungi
  A plant (D:8)
27 creatures vanquished.

Grand Total: 515 creatures vanquished

Notes
Turn   | Place    | Note
--------------------------------------------------------------
     0 | D:1      | faibistes, the Deep Elf Wizard, began the quest for the Orb.
     0 | D:1      | Reached XP level 1. HP: 10/10 MP: 6/6
    14 | D:1      | Noticed an electric eel
    74 | D:2      | Found a glowing golden altar of the Shining One.
   381 | D:1      | Reached XP level 2. HP: 15/15 MP: 7/10
   385 | D:1      | Learned a level 2 spell: Blink
   388 | D:1      | Learned a level 2 spell: Call Imp
  1292 | D:1      | Reached XP level 3. HP: 19/19 MP: 11/13
  1442 | D:1      | Learned a level 3 spell: Conjure Flame
  1455 | D:1      | Learned a level 3 spell: Mephitic Cloud
  1517 | D:1      | Reached skill level 5 in Spellcasting
  2105 | D:2      | Reached XP level 4. HP: 24/24 MP: 14/17
  2109 | D:2      | Learned a level 2 spell: Repel Missiles
  2301 | D:2      | Found an ancient bone altar of Kikubaaqudgha.
  2302 | D:2      | Found a shimmering altar of Xom.
  2434 | D:2      | Noticed Crazy Yiuf
  2442 | D:2      | Killed Crazy Yiuf
  3330 | D:3      | Reached XP level 5. HP: 28/28 MP: 14/20
  3492 | D:4      | Reached skill level 6 in Spellcasting
  3566 | D:5      | Entered Level 5 of the Dungeon
  3850 | D:4      | Noticed a phantom
  3863 | D:4      | Killed a phantom
  3863 | D:4      | Reached XP level 6. HP: 25/32 MP: 9/22
  4007 | D:4      | Noticed faibistes' ghost (average DEWz)
  4024 | D:4      | Killed faibistes' ghost
  4024 | D:4      | Reached skill level 7 in Spellcasting
  4263 | D:4      | Noticed Prince Ribbit
  4296 | D:4      | Killed Prince Ribbit
  4296 | D:4      | Reached skill level 1 in Fighting
  4296 | D:4      | Reached skill level 5 in Dodging
  4296 | D:4      | Reached skill level 1 in Evocations
  4296 | D:4      | Reached XP level 7. HP: 30/38 MP: 5/25
  4509 | D:5      | Reached skill level 8 in Spellcasting
  4730 | D:5      | Noticed Natasha
  4734 | D:5      | Killed Natasha
  4740 | D:5      | Noticed Natasha
  4747 | D:5      | Killed Natasha
  5141 | D:5      | Noticed Natasha
  5143 | D:5      | Killed Natasha
  5634 | D:6      | Reached XP level 8. HP: 45/45 MP: 23/28
  5669 | D:6      | Reached skill level 9 in Spellcasting
  6494 | D:6      | Found a staircase to the Ecumenical Temple.
  6499 | Temple   | Entered the Ecumenical Temple
  6503 | Temple   | Became a worshipper of Sif Muna the Loreminder
  6729 | Temple   | Learned a level 4 spell: Petrify
  6853 | D:6      | HP: 1/46 [orc warrior/dire flail (27)]
  7197 | D:6      | Reached skill level 1 in Fire Magic
  7197 | D:6      | Reached skill level 1 in Air Magic
  7303 | D:6      | Found a sparkling altar of Nemelex Xobeh.
  7304 | D:6      | Found a basalt altar of Yredelemnul.
  7502 | D:6      | Found a glowing silver altar of Zin.
  7875 | D:8      | Found a sand-covered staircase.
  7932 | Ossuary  | Entered an ossuary
  8595 | Ossuary  | Identified a scroll of acquirement
  8596 | Ossuary  | Identified the Incunabulum of Enhancements (You acquired it in an ossuary)
  8614 | D:8      | Reached skill level 10 in Spellcasting
  8614 | D:8      | Reached skill level 1 in Earth Magic
  8670 | D:8      | Found Gosotaty's Food Emporium.
  8702 | D:7      | Reached skill level 1 in Poison Magic
  8702 | D:7      | Reached XP level 9. HP: 44/51 MP: 20/30
  8766 | D:7      | Noticed faibistes' ghost (experienced DEWz)
  8778 | D:7      | Killed faibistes' ghost
  8778 | D:7      | Acquired Sif Muna's first power
  9789 | D:8      | Acquired Sif Muna's second power
  9895 | D:8      | Reached skill level 5 in Conjurations
 10214 | D:9      | Found a staircase to the Orcish Mines.
 10630 | D:10     | Entered Level 10 of the Dungeon
 10641 | D:10     | Noticed Joseph
 10874 | D:9      | Reached XP level 10. HP: 56/56 MP: 16/32
 11283 | D:9      | Reached skill level 1 in Invocations
 11313 | D:9      | Reached skill level 1 in Transmutations
 11631 | D:8      | Reached skill level 11 in Spellcasting
 11743 | D:8      | Noticed Psyche
 11757 | D:8      | Killed Psyche
 11993 | D:9      | Noticed a cyclops
 12184 | D:8      | Reached skill level 1 in Charms
 12563 | D:9      | Killed a cyclops
 13453 | D:8      | Found a staircase to the Lair.
 13513 | D:8      | Acquired Sif Muna's third power
 13930 | D:8      | Learned a level 4 spell: Animate Dead
 14012 | D:8      | Found a stormy altar of Qazlal.
 14013 | D:8      | Found a bloodstained altar of Trog.
 14306 | D:8      | Reached skill level 1 in Necromancy
 14311 | D:8      | Reached XP level 11. HP: 51/60 MP: 11/33
 14588 | Lair:1   | Entered Level 1 of the Lair of Beasts
 14942 | Lair:1   | Reached skill level 5 in Fire Magic
 15233 | Lair:1   | Reached skill level 5 in Earth Magic
 16094 | Lair:1   | Reached skill level 5 in Evocations
 17235 | Lair:2   | Reached skill level 12 in Spellcasting
 17402 | Lair:2   | Learned a level 3 spell: Confuse
 17895 | Lair:3   | Reached skill level 5 in Transmutations
 18230 | Lair:3   | Reached XP level 12. HP: 45/67 MP: 7/35
 18439 | Lair:3   | Found a staircase to the Snake Pit.
 18634 | Lair:3   | Reached skill level 5 in Translocations
 18636 | Lair:3   | Received a gift from Sif Muna
 18637 | Lair:3   | Identified Sif Muna's Reference Book on Displacement (Sif Muna gifted it to you on level 3 of the Lair of Beasts)
 19160 | Lair:3   | Found a staircase to the Swamp.
 19169 | Lair:3   | Reached skill level 5 in Invocations
 19849 | Lair:4   | Slain by a spiny frog

Action                   |  1- 3 |  4- 6 |  7- 9 | 10-12 || total
-------------------------+-------+-------+-------+-------++-------
Melee: Dagger            |       |    25 |    70 |    15 ||   110
       Short sword       |       |       |       |   325 ||   325
 Cast: Magic Dart        |   116 |   109 |   395 |   422 ||  1042
       Mephitic Cloud    |       |     8 |    33 |   101 ||   142
       Conjure Flame     |       |     4 |    76 |    74 ||   154
       Repel Missiles    |       |     1 |     1 |     1 ||     3
       Blink             |       |       |     6 |    21 ||    27
       Call Imp          |       |       |     1 |     2 ||     3
       Petrify           |       |       |       |    18 ||    18
       Animate Dead      |       |       |       |    16 ||    16
       Confuse           |       |       |       |     4 ||     4
Invok: Channel Energy    |       |       |     1 |    16 ||    17
Evoke: Wand              |       |       |     3 |    21 ||    24
  Use: Scroll            |     4 |     2 |    21 |     5 ||    32
       Potion            |       |       |     1 |     2 ||     3
 Stab: Confused          |       |     5 |     4 |    19 ||    28
       Sleeping          |       |       |     1 |       ||     1
       Petrified         |       |       |       |     3 ||     3
       Petrifying        |       |       |       |     1 ||     1
  Eat: Chunk             |     3 |     7 |    15 |    25 ||    50
       Fruit             |       |       |     2 |     1 ||     3
       Beef jerky        |       |       |     2 |     3 ||     5
